 Dungeon Crawl Stone Soup version 0.30-a0-605-gb2882149bf (webtiles) character file.

Game seed: 8412465308758243937

95 bande the Shield-Bearer (level 4, -3/29 HPs)
             Began as a Gargoyle Fighter on Jan 7, 2023.
             Slain by a gnoll
             ... wielding a +0 whip
              (5 damage)
             ... on level 3 of the Dungeon.
             The game lasted 00:01:59 (1526 turns).

bande the Shield-Bearer (Gargoyle Fighter)          Turns: 1526, Time: 00:01:59

Health: -3/29      AC: 10    Str: 19    XL:     4   Next: 66%
Magic:  4/4        EV:  9    Int:  9    God:
Gold:   66         SH:  4    Dex: 11    Spells: 1/3 levels left

rFire   . . .      SeeInvis .    a - +0 war axe
rCold   . . .      Faith    .    c - +0 buckler
rNeg    + . .      Spirit   .    b - +0 scale mail
rPois   ∞          Reflect  .    (no helmet)
rElec   +          Harm     .    (no cloak)
rCorr   .          Rampage  .    (no gloves)
Will    .....                    (no boots) Stlth
                                 (no amulet)
HPRegen 0.24/turn                (no ring)
MPRegen 0.09/turn                (no ring)

@: no status effects
A: sickness immunity, AC +3, negative energy resistance 1, electricity
resistance, torment resistance 1, petrification resistance
a: no special abilities


You were on level 3 of the Dungeon.
You visited 1 branch of the dungeon, and saw 3 of its levels.

You collected 66 gold pieces.

Inventory:

Hand Weapons
 a - a +0 war axe (weapon)
Armour
 b - a +0 scale mail (worn)
 c - a +0 buckler (worn)
Scrolls
 f - 2 scrolls of teleportation {unknown}
 g - a scroll of enchant armour {unknown}
 i - a scroll of fear {unknown}
 j - a scroll of identify {unknown}
 k - a scroll of vulnerability {unknown}
Potions
 d - a potion of might
 e - a potion of degeneration {unknown}
 h - a potion of heal wounds {unknown}


   Skills:
 + Level 4.0 Fighting
 + Level 2.3 Axes
 + Level 4.0 Armour
 + Level 4.2 Shields
 * Level 0.4 Translocations


You had one spell level left.
You knew the following spells:

 Your Spells              Type           Power      Damage    Failure   Level
a - Blink                 Tloc           0%         N/A       89%         2

Your spell library contained the following spells:

 Spells                   Type           Power      Damage    Failure   Level
 Momentum Strike          Conj/Tloc      0%         3d8       91%         2
 Lesser Beckoning         Tloc           0%         N/A       98%         3


Dungeon Overview and Level Annotations

Branches:
Dungeon (3/15)

Altars:


Innate Abilities, Weirdness & Mutations

You are immune to sickness and miasma.
Your stone body is resilient. (AC +3)
You are immune to poison.
You resist negative energy. (rN+)
You are resistant to electric shocks. (rElec)
You are resistant to unholy torment.
You are immune to petrification.


Message History

You are too injured to fight recklessly!
You are too injured to fight recklessly!
You are too injured to fight recklessly!
You are too injured to fight recklessly!
You are too injured to fight recklessly!
You are too injured to fight recklessly!
You are too injured to fight recklessly!
You hit the gnoll.
The gnoll is lightly wounded.
You closely miss the gnoll. The gnoll hits you with a +0 whip. x2
You closely miss the gnoll.
The gnoll is lightly wounded.
You slash the gnoll!
You kill the gnoll!
The gnoll hits you but does no damage. You block the gnoll's attack.
Your Fighting skill increases to level 4!
Your Armour skill increases to level 4!
You hit the gnoll.
The gnoll is moderately wounded.
The gnoll barely misses you.
You hit the gnoll but do no damage.
The gnoll is moderately wounded.
The gnoll hits you with a +0 whip. x2
* * * LOW HITPOINT WARNING * * *
You barely miss the gnoll.
The gnoll is moderately wounded.
The gnoll hits you but does no damage.
You hit the gnoll.
The gnoll is heavily wounded.
The gnoll hits you with a +0 whip.
* * * LOW HITPOINT WARNING * * *
The gnoll barely misses you.
You barely miss the gnoll.
The gnoll is heavily wounded.
The gnoll hits you with a +0 whip.
* * * LOW HITPOINT WARNING * * *
You hit the gnoll.
The gnoll is severely wounded.
The gnoll hits you with a +0 whip.
You die...

###########
#.@g.......
#...)#########
#####


You could see a gnoll.

Vanquished Creatures
  Natasha (twice) (D:2)
  2 gnolls (D:3)
  A dart slug (D:1)
  A bat (D:1)
  2 endoplasms
  2 giant cockroaches (D:1)
  2 goblins
  3 kobolds (D:1)
  3 quokkas (D:1)
  4 ball pythons (D:1)
  A frilled lizard (D:1)
  2 rats (D:1)
25 creatures vanquished.

Notes
Turn   | Place    | Note
-------+----------+-------------------------------------------
     0 | D:1      | bande the Gargoyle Fighter began the quest for the Orb.
     0 | D:1      | Reached XP level 1. HP: 14/14 MP: 1/1
   103 | D:1      | You fall into a shaft and drop 1 floor!
   107 | D:2      | Noticed Natasha
   122 | D:2      | Killed Natasha
   123 | D:2      | Reached XP level 2. HP: 15/19 MP: 2/2
   123 | D:2      | Reached XP level 3. HP: 18/23 MP: 3/3
   127 | D:2      | Noticed Natasha
   139 | D:2      | Killed Natasha
   302 | D:1      | Reached XP level 4. HP: 29/29 MP: 4/4
   437 | D:1      | Learned a level 2 spell: Blink
   645 | D:1      | Found a faded altar of an unknown god.
  1526 | D:3      | Slain by a gnoll

Illustrated notes

Levels and vault maps discovered:
D:1:      minmay_arrival_up_and_down, layout_basic,
          ebering_ecumenical_altar_hall, serial_curves, eino_curves_04,
          eino_curves_02, chequers_serial_rivers_micro_b
D:2:      layout_basic, serial_co_window_serial, co_window_of_opportunity_a,
          co_window_of_opportunity_a, co_window_paths_a, co_window_paths_a,
          co_window_paths_a, co_window_cross_1, co_window_2corner,
          co_window_broadway_a, co_window_broadway_c, glass_columns_a,
          glass_columns_a, glass_columns_a, glass_columns_a, glass_columns_a,
          uniq_natasha
D:3:      layout_loops_ring

Skill      XL: |  1  2  3  4 |
---------------+-------------+-----
Shields        | 4 |  4.2
Axes           | 2 |  2.3
Fighting       | 4 |  4.0
Armour         | 4 |  4.0
Translocations | |  0.4

Action                   |  1- 3 |  4- 6 || total
-------------------------+-------+-------++-------
Melee: War axe           |    26 |    58 ||    84
       Unarmed           |     8 |       ||     8
Armor: Scale mail        |    15 |    29 ||    44
       Skin              |     3 |       ||     3
Dodge: Dodged            |    13 |    27 ||    40
Block: Buckler           |     4 |     9 ||    13

Table legend: (Time is in decaauts)
 A = Elapsed time spent in this place.
 B = Non-inter-level travel time spent in this place.
 C = Inter-level travel time spent in this place.
 D = Time resting spent in this place.
 E = Time spent auto-exploring this place.
 F = Levels seen in this place.
 G = Mean time per level.
                   A        B        C        D        E       F      G
               +--------+--------+--------+--------+--------+-----+--------+
         Total |   1573 |   1496 |     77 |    234 |    995 |   3 |  524.3 |
       Dungeon |   1573 |   1496 |     77 |    234 |    995 |   3 |  524.3 |
               +--------+--------+--------+--------+--------+-----+--------+

Top non-repeatable levels by time:
     D:1: 890 daAuts
     D:2: 536 daAuts
     D:3: 146 daAuts
